 Dungeon Crawl Stone Soup version 0.23.1-37-gaa34b87b72 (webtiles) character file.

Game seed: 16127279213738741225

52 Kisielow the Insei (level 3, -3/26 HPs)
             Began as a Merfolk Transmuter on Mar 22, 2019.
             Slain by Sigmund
             ... wielding a +0 scythe
              (11 damage)
             ... on level 2 of the Dungeon.
             The game lasted 00:02:31 (1963 turns).

Kisielow the Insei (Merfolk Transmuter)             Turns: 1963, Time: 00:02:31

Health: -3/26      AC:  2    Str: 10    XL:     3   Next: 85%
Magic:  1/6        EV: 21    Int: 13    God:
Gold:   43         SH:  0    Dex: 19    Spells: 2/6 levels left

rFire    . . .     SeeInvis .     - Unarmed
rCold    . . .     Gourm    .   (shield currently unavailable)
rNeg     . . .     Faith    .   (armour currently unavailable)
rPois    x         Spirit   .   (helmet currently unavailable)
rElec    .         Reflect  .   (cloak currently unavailable)
rCorr    .         Harm     .   (gloves currently unavailable)
MR       .....                  (boots currently unavailable)
Stlth    ++........             (no amulet)
HPRegen  0.08/turn              (no ring)
MPRegen  0.10/turn              (no ring)

@: spider-form (expiring), very slightly contaminated
A: tiny, (change form in water), (swift swim), (stealthy swim)
a: End Transformation


You were on level 2 of the Dungeon.
You were not hungry.
You were a venomous arachnid creature.
You visited 1 branch of the dungeon, and saw 2 of its levels.

You collected 43 gold pieces.

Inventory:

Missiles
 a - 34 arrows
Armour
 b - a +0 robe (melded)
Jewellery
 f - an uncursed ring of wizardry {unknown}
Wands
 k - a wand of disintegration (6)
Scrolls
 c - a scroll of remove curse {unknown}
 j - 4 scrolls of identify {unknown}
Potions
 e - a potion of lignification {unknown}
 g - 6 potions of curing {unknown}
 h - a potion of invisibility {unknown}
 i - a potion of ambrosia {unknown}
Comestibles
 d - 3 rations
 l - 2 chunks of flesh


   Skills:
 - Level 1.1 Fighting
 - Level 2.6 Dodging
 + Level 4.8 Unarmed Combat
 - Level 2.0 Spellcasting
 * Level 3.3 Transmutations


You had 2 spell levels left.
You knew the following spells:

 Your Spells              Type           Power        Failure   Level  Hunger
a - Beastly Appendage     Tmut           ##....       17%         1    ##.....
q - Spider Form           Tmut/Pois      #.........   58%         3    ####...

Your spell library contained the following spells:

 Spells                   Type           Power        Failure   Level  Hunger
 Sticks to Snakes         Tmut           ##......     24%         2    ###....
 Ice Form                 Ice/Tmut       #.......     90%         4    #####..
 Blade Hands              Tmut           ##........   96%         5    ######.


Dungeon Overview and Level Annotations

Branches:
Dungeon (2/15)

Altars:

Annotations:
D:2 Sigmund


Message History

Casting: Spider Form (slightly dangerous; 36% risk of failure)
Confirm with . or Enter, or press ? or * to list all spells.
You miscast Spider Form.
You are very lightly contaminated with residual magic.
Wisps of poison gas drift from your hands.
Casting: Spider Form (slightly dangerous; 36% risk of failure)
Confirm with . or Enter, or press ? or * to list all spells.
You turn into a venomous arachnid creature.
Your +0 robe melds into your body.
Something hits you!
You hit something. Something hits you.
You bite something!
Your transformation is almost over.
Something hits you but does no damage.
You barely miss something. You closely miss something. Something hits you.
You hit something. You miss something. Something misses you.
You barely miss something. Something hits you!
You die...

#.# #...# ##.....
#.###...# #....#
#.......# #....#
######..######....#
#...........##....#
#.###.#.###.##.....
. #.#.# #.##.....
....######.#.#
#<##.....
(.....{s...#.#
####....#
....#..#####.#
........ # #.. #.#
######.รท #.. #.#
######' #.. #.#
#...... #.. ..#
#...... #.# ###
#...... #. #......
#######


There were no monsters in sight!

Vanquished Creatures
  An adder (D:2)
  2 oozes
  A dart slug (D:1)
  3 leopard geckos
  5 bats
  A giant cockroach (D:1)
  5 goblins
  4 hobgoblins (D:1)
  A ball python (D:1)
  3 kobolds
  5 rats (D:1)
31 creatures vanquished.

Notes
Turn   | Place    | Note
-------+----------+-------------------------------------------
     0 | D:1      | Kisielow the Merfolk Transmuter began the quest for the
                  | Orb.
     0 | D:1      | Reached XP level 1. HP: 15/15 MP: 3/3
   258 | D:1      | Reached XP level 2. HP: 21/21 MP: 3/5
   290 | D:1      | Reached skill level 4 in Unarmed Combat
   873 | D:1      | Reached XP level 3. HP: 26/26 MP: 4/6
  1138 | D:1      | Learned a level 3 spell: Spider Form
  1949 | D:2      | Noticed Sigmund
  1963 | D:2      | Slain by Sigmund

Skill      XL: |  1  2  3 |
---------------+----------+-----
Unarmed Combat | 4 |  4.8
Transmutations | 3 |  3.3
Fighting       | |  1.1
Dodging        | |  2.6
Spellcasting   | |  2.0

Action                   || total
-------------------------++-------
Melee: Unarmed           ||   104
       Headbutt          ||     7
 Cast: Beastly Appendage ||    11
       Spider Form       ||     3
 Stab: Sleeping          ||     1
  Eat: Chunk             ||     4
Armor: Robe              ||    15
       Skin              ||     1
Dodge: Dodged            ||    67
